 Dungeon Crawl Stone Soup version 0.29-a0-323-g050149af67 (webtiles) character file.

Game seed: 13687210397237994015

86610 Jortsu the Severer (level 15, -45/121 HPs)
             Began as a Demonspawn Fighter on Apr 12, 2022.
             Was an Initiate of Gozag.
             Blown up by an orb spider (72 damage)
             ... with an orb of destruction
             ... led by a torpor snail
             ... on level 1 of the Spider Nest.
             The game lasted 00:49:38 (18809 turns).

Jortsu the Severer (Demonspawn Fighter)            Turns: 18809, Time: 00:49:39

Health: -45/121    AC: 32    Str: 24    XL:     15   Next: 41%
Magic:  15/15      EV: 14    Int:  9    God:    Gozag
Gold:   2053       SH: 17    Dex: 19    Spells: 14/14 levels left

rFire   + . .      SeeInvis .   c - +8 lance "Wyrmbane" {slay drac, rPois rF+ rC+ AC+3}
rCold   + . .      Faith    .   V - +0 kite shield {reflect}
rNeg    . . .      Spirit   .   p - +5 ring mail of Elyvilon's Hope {rPois rCorr Slay+2}
rPois   +          Reflect  +   t - +2 helmet
rElec   .          Harm     .   P - +2 cloak
rCorr   +          Rampage  .   Q - +0 pair of gloves
Will    ++...                   (no boots)
Stlth   ++........              g - amulet of regeneration
HPRegen 1.10/turn               O - +6 ring of dexterity
MPRegen 0.28/turn               L - ring of willpower

@: gold aura, sanguine armoured
A: hooves 1, ignite blood 3, magic regeneration, sanguine armour 2, large bone
plates 1, poison resistance, screaming 1
a: Renounce Religion, Potion Petition, Call Merchant, Bribe Branch


You were on level 1 of the Spider Nest.
You worshipped Gozag.
Gozag was most pleased with you.
You visited 4 branches of the dungeon, and saw 17 of its levels.
You also visited: Ossuary.

You collected 5680 gold pieces.
You spent 992 gold pieces at shops.
You paid 2635 gold pieces to Gozag.

Inventory:

Hand Weapons
 a - a +2 war axe of flaming
 c - the +8 lance "Wyrmbane" (weapon) {slay drac, rPois rF+ rC+ AC+3}
   (You found it on level 1 of the Spider Nest)

   It inflicts extra damage against dragons and draconians.
   AC:        It affects your AC (+3).
   rF:        It protects you from fire.
   rC:        It protects you from cold.
   rPois:     It protects you from poison.
 D - the +6 broad axe "Fabbo" {vorpal, rC+}
   (You bought it in a shop on level 8 of the Dungeon)

   It inflicts extra damage upon your enemies.
   rC:        It protects you from cold.
 H - the +3 falchion "Juez" {vamp, rElec rCorr Int-2 Dex+2}
   (You found it on level 9 of the Dungeon)

   It occasionally heals its wielder for a portion of the damage dealt when it
   wounds a living foe.
   Int:       It affects your intelligence (-2).
   Dex:       It affects your dexterity (+2).
   rElec:     It insulates you from electricity.
   rCorr:     It protects you from acid and corrosion.
 K - a +7 broad axe
Missiles
 S - a throwing net (quivered)
Armour
 p - the +5 ring mail of Elyvilon's Hope (worn) {rPois rCorr Slay+2}
   (You bought it in a shop on level 3 of the Lair of Beasts)

   Slay:      It affects your accuracy & damage with ranged weapons and melee
   (+2).
   rPois:     It protects you from poison.
   rCorr:     It protects you from acid and corrosion.
 t - a +2 helmet (worn)
 P - a +2 cloak (worn)
 Q - a +0 pair of gloves (worn)
 V - a +0 kite shield of reflection (worn)
Jewellery
 g - an amulet of regeneration (around neck)
 F - an amulet of reflection
 L - a ring of willpower (right hand)
 O - a +6 ring of dexterity (left hand)
Wands
 e - a wand of charming (8)
 q - a wand of paralysis (17)
 w - a wand of acid (12)
 B - a wand of iceblast (15)
 G - a wand of polymorph (6)
 I - a wand of digging (5)
 J - a wand of flame (13)
 R - a wand of mindburst (13)
Scrolls
 f - 4 scrolls of fear
 r - 9 scrolls of teleportation
 s - 8 scrolls of identify
 u - a scroll of enchant weapon
 x - 2 scrolls of summoning
 y - a scroll of holy word
 C - 3 scrolls of noise
 E - a scroll of silence
 N - 2 scrolls of enchant armour
 T - a scroll of blinking
 U - 2 scrolls of magic mapping
Potions
 b - 2 potions of invisibility
 d - 3 potions of might
 h - 18 potions of curing
 i - 3 potions of heal wounds
 j - 4 potions of brilliance
 k - 5 potions of haste
 l - 2 potions of flight
 m - 9 potions of magic
 n - 4 potions of mutation
 o - 9 potions of attraction
 v - 2 potions of ambrosia
 z - a potion of berserk rage
 A - 3 potions of lignification
 M - a potion of cancellation


   Skills:
 + Level 12.2 Fighting
 + Level 16.8 Axes
 + Level 0.1(10.9) Polearms
 + Level 10.5 Armour
 + Level 6.5 Dodging
 + Level 4.1 Stealth
 + Level 11.0 Shields


You had 14 spell levels left.
You didn't know any spells.
Your spell library contained the following spells:

 Spells                   Type           Power      Damage    Failure   Level
 Sandblast                Erth           0%         2d4       77%         1
 Inner Flame              Hex/Fire       0%         N/A       98%         3
 Stone Arrow              Conj/Erth      0%         3d7       98%         3
 Cause Fear               Hex            0%         N/A       100%        4
 Leda's Liquefaction      Hex/Erth       0%         N/A       100%        4
 Iron Shot                Conj/Erth      0%         9d1       100%        6
 Discord                  Hex            0%         N/A       100%        8
 Shatter                  Erth           0%         3d5*      100%        9


Dungeon Overview and Level Annotations

Branches:
Dungeon (9/15)             Temple (0/1) D:4            Lair (6/6) D:8
 Shoals (1/4) Lair:3       Spider (1/4) Lair:3        Slime (0/5) Lair:5
Ossuary (visited)
    Orc: D:9-12

Altars:
Gozag
Kikubaaqudgha
Jiyva

Shops:
D:8 (*   Lair:3 [   Spider:1 *

Annotations:
Spider:1 Aizul


Innate Abilities, Weirdness & Mutations

You have large cloven feet.
Your demonic aura causes all spilled blood to erupt in flames.
You regenerate magic rapidly.
When seriously injured, your blood forms thick armour. (AC +9)
You are partially covered in large bone plates. (SH +4)
Your system is resistant to poisons. (rPois)
You occasionally shout uncontrollably at your foes.


Message History

The orb spider weaves a glowing orb of energy.
You block the culicivora's attack.
An orb of destruction comes into view.
You closely miss the culicivora. You kick the culicivora!
The culicivora is moderately wounded.
The culicivora bites you.
The culicivora draws strength from your injuries!
Aizul casts a spell at you.
You fall asleep.
The culicivora bites you!!!
You wake up.
Your blood congeals into armour.
The culicivora draws strength from your injuries!
The orb spider begins to weave its threads into a brightly glowing ball.
The culicivora misses you. The orb of destruction hits you!!
* * * LOW HITPOINT WARNING * * *
The culicivora is engulfed in blazing flames.
The culicivora barely misses you.
You impale Aizul!! You kick Aizul.
Aizul is lightly wounded.
The culicivora is engulfed in blazing flames.
The culicivora bites you but does no damage.
Aizul is engulfed in blazing flames.
You block Aizul's attack.
You hit Aizul.
Aizul is lightly wounded.
The culicivora is engulfed in blazing flames.
You block the culicivora's attack.
Aizul is engulfed in blazing flames.
Aizul hits you.
* * * LOW HITPOINT WARNING * * *
You barely miss Aizul. You kick Aizul, but do no damage.
Aizul is moderately wounded.
The culicivora is engulfed in blazing flames.
You kill the culicivora!
Aizul is engulfed in blazing flames.
You block Aizul's attack.
The orb spider weaves a glowing orb of energy.
An orb of destruction comes into view.
Aizul is engulfed in blazing flames.
Aizul hits you!
* * * LOW HITPOINT WARNING * * *
The orb of destruction hits you!!!!
Ouch! That really hurt!
You die...

#^.....#
^.........##.....##
#.§.......##.....#
≈#........#...#.##
≈≈........##..#### ###
≈≈#..§....^#.....#####..
≈#≈#.s.....#........#...
≈≈≈≈..○○°°○##..#........
≈≈≈≈..○@S○..####^.......
≈#≈...☼☼.○○§.^..........
≈≈≈.....................
≈≈≈........§°...........
#≈≈.......#.............
≈≈#.§........☼.........^
#...#.^.................
....##....[.§...........
.#. ###.#...............


You could see Aizul and an orb spider.

Vanquished Creatures
  Kirke (Lair:5)
  Donald (Spider:1)
  The ghost of anet the Spear-Bearer, a journeyman MiBe of Trog (Lair:6)
  A broodmother (Spider:1)
  4 dire elephants (Lair:6)
  2 spark wasps (Spider:1)
  Josephine (Lair:5)
  A merfolk impaler (Shoals:1)
  7 hydras
  A centaur warrior (Shoals:1)
  An alligator snapping turtle (Shoals:1)
  A radroach (Spider:1)
  19 death yaks
  Urug (Lair:1)
  The ghost of Jortsu the Ruffian, a novice TrHu of Trog (D:8)
  2 pharaoh ants (Spider:1)
  A sun moth (Spider:1)
  A skeletal warrior (D:9)
  2 sea snakes (Shoals:1)
  A spectral anaconda (Lair:6)
  An orb spider (Spider:1)
  A swamp dragon (shapeshifter) (D:9)
  A lindwurm (Lair:5)
  8 harpies (Shoals:1)
  An obsidian statue (Lair:6)
  4 necromancers
  5 wolf spiders (Spider:1)
  A cyclops (Shoals:1)
  7 black mambas
  3 fauns (Shoals:1)
  2 manticores (Shoals:1)
  8 merfolk sirens
  6 elephants (Lair:6)
  3 water nymphs (Shoals:1)
  A kobold demonologist (D:9)
  Maggie (Lair:2)
  4 torpor snails
  13 cane toads
  6 komodo dragons
  4 rime drakes
  A troll (D:9)
  4 polar bears
  A wind drake (Shoals:1)
  3 merfolk (Shoals:1)
  Grinder (D:5)
  3 tarantellas (Spider:1)
  12 blink frogs
  11 dream sheep
  3 snapping turtles (Shoals:1)
  11 culicivoras
  7 jumping spiders (Spider:1)
  4 wraiths
  A water elemental (Shoals:1)
  5 wyverns
  A ynoxinul (D:8)
  36 yaks
  5 hogs (Lair:5)
  Grum (D:9)
  2 steam dragons
  A dire elephant simulacrum (Lair:6)
  11 redbacks (Spider:1)
  Menkaure (D:7)
  2 spectral cane toads (Lair:6)
  18 water moccasins
  An ice beast (D:7)
  3 orc warriors
  5 sky beasts
  5 elephant zombies
  3 ogres
  24 wolves
  3 centaurs
  5 elephant skeletons (Lair:6)
  A phantom (D:7)
  A kobold brigand (D:9)
  An elf zombie (Ossuary)
  A gnoll sergeant (D:9)
  14 bullfrogs
  6 scorpions
  5 wights (D:9)
  A troll zombie (Ossuary)
  An elephant simulacrum (Lair:6)
  8 killer bees
  An electric eel (Lair:3)
  A howler monkey (D:8)
  A basilisk zombie (Lair:3)
  A human zombie (Ossuary)
  A jelly (D:4)
  4 hounds
  An orc priest (D:8)
  Crazy Yiuf (D:3)
  3 centaur zombies (Ossuary)
  Jessica (D:3)
  3 iguanas
  3 orc wizards
  Ijyb (D:3)
  An ogre zombie (Ossuary)
  7 mummies (Ossuary)
  Robin (D:3)
  7 gnolls
  9 adders
  2 white imps
  2 ufetubi
  2 adder zombies (Ossuary)
  2 worms (D:4)
  18 dart slugs
  16 orcs
  5 ball pythons
  7 bats
  8 endoplasms
  A giant cockroach (D:3)
  17 goblins
  7 hobgoblins
  2 jackals (D:3)
  2 quokkas (D:1)
  4 frilled lizards
  2 gnoll zombies (Ossuary)
  5 goblin zombies (Ossuary)
  4 hobgoblin zombies (Ossuary)
  8 kobolds
  5 kobold zombies (Ossuary)
  An orc zombie (Ossuary)
  A rat (D:1)
  4 rat zombies (Ossuary)
535 creatures vanquished.

Vanquished Creatures (others)
  A human (D:7)
  2 bushes
  30 fungi
  26 plants
  20 withered plants (Lair:6)
79 creatures vanquished.

Grand Total: 614 creatures vanquished

Notes
Turn   | Place    | Note
-------+----------+-------------------------------------------
     0 | D:1      | Jortsu the Demonspawn Fighter began the quest for the Orb.
     0 | D:1      | Reached XP level 1. HP: 18/18 MP: 1/1
   191 | D:1      | Gained mutation: Your demonic aura sometimes causes spilled
                  | blood to erupt in flames. [demonic ancestry]
   191 | D:1      | Reached XP level 2. HP: 18/24 MP: 2/2
   370 | D:1      | Reached skill level 2 in Axes
   935 | D:1      | Reached XP level 3. HP: 29/29 MP: 3/3
  1504 | D:2      | Gained mutation: Your demonic aura often causes spilled
                  | blood to erupt in flames. [demonic ancestry]
  1504 | D:2      | Reached XP level 4. HP: 35/35 MP: 4/4
  1561 | D:2      | Reached skill level 3 in Axes
  2177 | D:2      | Found a faded altar of an unknown god.
  2181 | D:2      | Prayed at the altar of an unknown god.
  2181 | D:2      | Became a worshipper of Gozag Ym Sagoz the Greedy
  2873 | D:3      | Noticed Jessica
  2879 | D:3      | Killed Jessica
  2925 | D:3      | Gained mutation: Your demonic aura causes all spilled blood
                  | to erupt in flames. [demonic ancestry]
  2925 | D:3      | Reached XP level 5. HP: 21/41 MP: 5/5
  3207 | D:3      | Noticed Robin
  3235 | D:3      | Killed Robin
  3390 | D:3      | Noticed Ijyb
  3393 | D:3      | Paralysed by Ijyb for 3 turns
  3396 | D:3      | Killed Ijyb
  4211 | D:3      | Found a runed translucent door.
  4212 | D:3      | Noticed Crazy Yiuf
  4446 | D:3      | Killed Crazy Yiuf
  4447 | D:3      | Reached skill level 4 in Axes
  4597 | D:4      | Gained mutation: When seriously injured, your blood forms
                  | armour. (AC +9) [demonic ancestry]
  4597 | D:4      | Reached XP level 6. HP: 47/47 MP: 6/6
  4935 | D:4      | Found a staircase to the Ecumenical Temple.
  4954 | D:4      | Reached skill level 1 in Dodging
  5218 | D:4      | Gained mutation: When seriously injured, your blood forms
                  | thick armour. (AC +9) [demonic ancestry]
  5218 | D:4      | Reached XP level 7. HP: 37/53 MP: 7/7
  5334 | D:4      | Reached skill level 5 in Axes
  5976 | D:5      | Entered Level 5 of the Dungeon
  6310 | D:5      | Noticed Grinder
  6322 | D:5      | Paralysed by Grinder for 2 turns
  6334 | D:5      | Paralysed by Grinder for 3 turns
  6346 | D:5      | Killed Grinder
  6347 | D:5      | Reached skill level 6 in Axes
  6347 | D:5      | Reached skill level 5 in Armour
  6347 | D:5      | Gained mutation: You have large cloven feet. [demonic
                  | ancestry]
  6347 | D:5      | Reached XP level 8. HP: 46/60 MP: 8/8
  6843 | D:6      | Found a sand-covered staircase.
  6850 | Ossuary  | Entered an ossuary
  6887 | Ossuary  | Reached skill level 7 in Axes
  7460 | D:6      | Gained mutation: You are partially covered in large bone
                  | plates. (SH +4) [potion of mutation]
  7460 | D:6      | Gained mutation: You occasionally shout uncontrollably at
                  | your foes. [potion of mutation]
  7460 | D:6      | Gained mutation: Your system is resistant to poisons.
                  | (rPois) [potion of mutation]
  7516 | D:6      | Gained mutation: You regenerate magic rapidly. [demonic
                  | ancestry]
  7516 | D:6      | Reached XP level 9. HP: 67/67 MP: 9/9
  7945 | D:7      | Reached skill level 5 in Fighting
  7945 | D:7      | Reached skill level 8 in Axes
  8129 | D:7      | Found an ancient bone altar of Kikubaaqudgha.
  8151 | D:7      | Noticed Menkaure
  8153 | D:7      | Killed Menkaure
  8154 | D:7      | Reached skill level 5 in Shields
  8943 | D:8      | Reached skill level 9 in Axes
  8982 | D:8      | Found Rariu's CLEARANCE SALE!.
  9181 | D:8      | Noticed a death yak
  9181 | D:8      | Noticed a death yak
  9181 | D:8      | Noticed a death yak
  9269 | D:7      | Killed a death yak
  9270 | D:7      | Reached XP level 10. HP: 53/76 MP: 10/10
  9297 | D:8      | Killed a death yak
  9340 | D:8      | Noticed Jortsu's ghost (novice TrHu)
  9341 | D:8      | Found a staircase to the Lair.
  9344 | D:8      | Found a runed translucent door.
  9360 | D:8      | Noticed a death yak
  9361 | D:8      | Noticed a death yak
  9361 | D:8      | Noticed a death yak
  9366 | D:8      | Killed a death yak
  9367 | D:8      | Reached skill level 10 in Axes
  9369 | D:8      | Killed a death yak
  9373 | D:8      | Killed a death yak
  9376 | D:8      | Killed a death yak
  9720 | D:8      | Killed Jortsu's ghost
  9721 | D:8      | Reached skill level 11 in Axes
  9721 | D:8      | Reached XP level 11. HP: 42/84 MP: 11/11
  9749 | D:8      | Got the Tome of the Rocks
  9956 | D:9      | Reached skill level 1 in Stealth
  9956 | D:9      | Noticed a skeletal warrior
  9967 | D:9      | Noticed a fire crab
  9967 | D:9      | a guardian serpent changed into a fire crab
  9970 | D:9      | Noticed a swamp dragon
  9970 | D:9      | a fire crab changed into a swamp dragon
 10012 | D:8      | Bought a warped broad axe for 288 gold pieces
 10012 | D:8      | Identified the +6 broad axe "Fabbo" {vorpal, rC+} (You
                  | bought it in a shop on level 8 of the Dungeon)
 10149 | D:9      | Killed a swamp dragon
 10180 | D:9      | Killed a skeletal warrior
 10285 | D:9      | Noticed Grum
 10320 | D:9      | Killed Grum
 10560 | D:9      | Identified the +3 falchion "Juez" {vamp, rElec rCorr Int-2
                  | Dex+2}
 11184 | Lair:1   | Entered Level 1 of the Lair of Beasts
 11327 | Lair:1   | Noticed a seven-headed hydra
 11334 | Lair:1   | Killed a five-headed hydra
 11335 | Lair:1   | Reached skill level 12 in Axes
 11423 | Lair:1   | Noticed a six-headed hydra
 11457 | Lair:2   | Killed a two-headed hydra
 11527 | Lair:1   | Noticed Urug
 11545 | Lair:1   | Killed Urug
 11546 | Lair:1   | Reached XP level 12. HP: 83/94 MP: 12/12
 11764 | Lair:1   | Noticed an eight-headed hydra
 11770 | Lair:1   | Killed a six-headed hydra
 12807 | Lair:2   | Noticed Maggie
 12815 | Lair:2   | Killed Maggie
 12816 | Lair:2   | Reached skill level 13 in Axes
 13385 | Lair:3   | Noticed a death yak
 13385 | Lair:3   | Noticed a death yak
 13385 | Lair:3   | Noticed a death yak
 13385 | Lair:3   | Noticed a death yak
 13385 | Lair:3   | Noticed a death yak
 13386 | Lair:3   | Noticed a death yak
 13390 | Lair:3   | Killed a death yak
 13400 | Lair:3   | Killed a death yak
 13411 | Lair:3   | Killed a death yak
 13417 | Lair:3   | Killed a death yak
 13422 | Lair:3   | Killed a death yak
 13430 | Lair:3   | Killed a death yak
 13431 | Lair:3   | Reached XP level 13. HP: 72/101 MP: 13/13
 13547 | Lair:3   | Found a hole to the Spider Nest.
 14043 | Lair:3   | Identified the +12 spear of Beogh's Anger {flame, MP+9
                  | Int-2 SInv Stlth+}
 14198 | Lair:3   | Found a staircase to the Shoals.
 14354 | Lair:3   | Bought the +5 ring mail of Elyvilon's Hope {rPois rCorr
                  | Slay+2} for 704 gold pieces
 14397 | Lair:4   | Reached skill level 14 in Axes
 14407 | Lair:4   | Reached skill level 10 in Fighting
 14652 | Lair:4   | Reached skill level 10 in Armour
 15201 | Lair:5   | Found a viscous altar of Jiyva.
 15219 | Lair:5   | Found a staircase to the Slime Pits.
 15260 | Lair:5   | Noticed Kirke
 15269 | Lair:5   | Noticed a sphinx
 15278 | Lair:5   | Killed Kirke
 15463 | Lair:5   | Reached skill level 15 in Axes
 15584 | Lair:5   | Noticed Josephine
 15594 | Lair:5   | Killed Josephine
 16103 | Lair:6   | Entered Level 6 of the Lair of Beasts
 16124 | Lair:6   | Reached XP level 14. HP: 107/111 MP: 14/14
 16421 | Lair:6   | Found a runed translucent door.
 16547 | Lair:6   | Noticed anet's ghost (journeyman MiBe)
 16562 | Lair:6   | Killed anet's ghost
 16901 | Lair:6   | Reached skill level 5 in Dodging
 16913 | Lair:6   | Reached skill level 10 in Shields
 17165 | Lair:6   | Identified the +1 leather armour "Kuagoidd" {+Blink Str+4}
 17166 | Lair:6   | Identified the +2 plate armour of Maiduv {rN+ Slay+2}
 17537 | Shoals:1 | Entered Level 1 of the Shoals
 17605 | Shoals:1 | Reached skill level 16 in Axes
 17778 | Shoals:1 | HP: 5/113 [snapping turtle (3)]
 17779 | Shoals:1 | HP: 1/113 [alligator snapping turtle (5)]
 18221 | Shoals:1 | Reached XP level 15. HP: 91/120 MP: 15/15
 18333 | Spider:1 | Entered Level 1 of the Spider Nest
 18565 | Spider:1 | Noticed Donald
 18572 | Spider:1 | Killed Donald
 18730 | Spider:1 | Found the +8 lance "Wyrmbane" {slay drac, rPois rF+ rC+
                  | AC+3}
 18798 | Spider:1 | Noticed Aizul
 18809 | Spider:1 | Blown up by an orb spider

Illustrated notes

Levels and vault maps discovered:
D:1:      roderic_dead_forest, layout_basic
D:2:      layout_basic, hellmonk_ecumenical_altar_leap_of_faith, nrook_campfire
D:3:      layout_loops_corners, st_stairs_12, amcnicky_mini_corridor_feature,
          uniq_robin, uniq_ijyb, uniq_crazy_yiuf_cottage, uniq_jessica
D:4:      kennysheep_slugbush, layout_loops_ring, minmay_temple_entry_slanted
D:5:      layout_gridville, uniq_grinder
D:6:      layout_basic, chequers_ossuary_entry_cave
D:7:      layout_basic, tgw_kikubaaqudgha, uniq_menkaure
D:8:      layout_loops_ring, dpeg_lair_monsters, hellmonk_ghost_big_iron,
          kennysheep_cross_bottleneck, nicolae_shop_clearance
D:9:      layout_grid_maze, minmay_bent, uniq_grum
Lair:1:   layout_regular_city, uniq_urug
Lair:2:   layout_hall_layers, grunt_megastairs_3, uniq_maggie
Lair:3:   pond_and_an_island_with_a_cottage, layout_regular_city,
          minmay_shoals_entry_lonely_mermaid, spider_nest_entry_rubble,
          st_stairs_13, serial_bayou_shore_b, lemuel_fruit_tree
Lair:4:   layout_cellular_growth
Lair:5:   layout_roguey, slime_altar_1, serial_bayou_pond_b, uniq_josephine,
          uniq_kirke
Lair:6:   due_jungle_book, layout_gridlike, ebering_ghost_reflecting_pool
Shoals:1: argonaut_golden_fleece, layout_shoals
Spider:1: layout_spider_delve, uniq_donald, uniq_aizul

Skill      XL: |  1  2  3  4  5  6  7  8  9 10 11 12 13 14 15 |
---------------+----------------------------------------------+-----
Axes           | 2 3 4 6 7 9 11 12 13 15 16 | 16.8
Shields        | 3 4 5 6 7 8 9 10 11 | 11.0
Armour         | 3 4 5 6 7 8 9 10 | 10.5
Dodging        | 1 2 3 4 6 |  6.5
Fighting       | 4 6 7 8 9 10 11 12 | 12.2
Stealth        | 1 2 3 4 |  4.1
Polearms       | |  0.1

Action                   |  1- 3 |  4- 6 |  7- 9 | 10-12 | 13-15 || total
-------------------------+-------+-------+-------+-------+-------++-------
Melee: War axe           |    70 |   193 |   433 |   210 |   596 ||  1502
       Kick              |       |       |   104 |   114 |   313 ||   531
       Broad axe         |       |       |       |    93 |   111 ||   204
       Lance             |       |       |       |       |    16 ||    16
Invok: Call Merchant     |       |       |       |     1 |     2 ||     3
       Potion Petition   |       |       |       |       |     1 ||     1
  Use: Scroll            |     5 |    10 |    13 |     3 |     1 ||    32
       Potion            |       |       |     2 |     3 |    11 ||    16
 Stab: Distracted        |       |     1 |       |     1 |     7 ||     9
       Sleeping          |       |       |       |       |     1 ||     1
Armor: Scale mail        |    39 |   101 |    14 |       |       ||   154
       Chain mail        |       |       |   195 |   149 |    21 ||   365
       Ring mail         |       |       |       |       |   253 ||   253
Dodge: Dodged            |    28 |   110 |   125 |    86 |   290 ||   639
Block: Buckler           |    21 |    47 |   156 |   170 |   354 ||   748
       Kite shield       |       |       |       |       |    37 ||    37

Table legend: (Time is in decaauts)
 A = Elapsed time spent in this place.
 B = Non-inter-level travel time spent in this place.
 C = Inter-level travel time spent in this place.
 D = Time resting spent in this place.
 E = Time spent auto-exploring this place.
 F = Levels seen in this place.
 G = Mean time per level.
                   A        B        C        D        E       F      G
               +--------+--------+--------+--------+--------+-----+--------+
         Total |  18876 |  18392 |    484 |   1698 |  11025 |  18 | 1048.7 |
       Dungeon |  10747 |  10563 |    184 |   1367 |   6524 |   9 | 1194.1 |
          Lair |   6299 |   6017 |    282 |    185 |   4086 |   6 | 1049.8 |
        Shoals |    733 |    716 |     17 |     99 |    138 |   1 |  733.0 |
   Spider Nest |    467 |    467 |      0 |      0 |     94 |   1 |  467.0 |
       Ossuary |    629 |    629 |      0 |     47 |    183 |   1 |  629.0 |
               +--------+--------+--------+--------+--------+-----+--------+

Top non-repeatable levels by time:
     D:3: 1920 daAuts
     D:1: 1497 daAuts
     D:4: 1485 daAuts
  Lair:6: 1295 daAuts
  Lair:3: 1240 daAuts
     D:2: 1192 daAuts
     D:8: 1168 daAuts
     D:9: 1147 daAuts
  Lair:2: 1146 daAuts
     D:7: 979 daAuts
  Lair:5: 900 daAuts
  Lair:1: 895 daAuts
  Lair:4: 822 daAuts
Shoals:1: 733 daAuts
     D:5: 680 daAuts
